 Dungeon Crawl Stone Soup version 0.31-a0-986-g5e6e4ef867 (webtiles) character file.

Game seed: 1244615610696587025

387 horus123 the Digger (level 6, 0/45 HPs)
             Began as a Demigod Earth Elementalist on Nov 4, 2023.
             Slain by Duvessa
             ... wielding a +2 short sword of holy wrath
              (12 damage)
             ... on level 4 of the Dungeon.
             The game lasted 00:05:57 (3694 turns).

horus123 the Digger (Demigod Earth Elementalist)    Turns: 3694, Time: 00:05:57

Health: 0/45       AC:  3    Str:  9    XL:     6   Next: 24%
Magic:  9/15       EV: 12    Int: 25    God:
Gold:   228        SH:  0    Dex: 14    Spells: 0/13 levels left

rFire   . . .        k - +2 long sword
rCold   . . .        (no shield)
rNeg    . . .        a - +0 robe
rPois   .            (no helmet)
rElec   .            (no cloak)
rCorr   .            h - +0 pair of gloves
SInv    .            (no boots)
Will    .....        (no amulet)
Stlth   ++           (no ring)
HPRegen 0.27/turn    (no ring)
MPRegen 0.14/turn

%: no passive effects
@: no status effects
A: high MP 1, forlorn, divine attributes
a: no special abilities


You were on level 4 of the Dungeon.
You visited 1 branch of the dungeon, and saw 4 of its levels.

You collected 228 gold pieces.

Inventory:

Hand Weapons
 k - a +2 long sword (weapon)
 l - a +1 spectral club
Armour
 a - a +0 robe (worn)
 h - a +0 pair of gloves (worn)
Wands
 m - a wand of roots (2)
 q - a wand of polymorph (5)
Scrolls
 d - a scroll of torment
 f - a scroll of fear
 j - a scroll of noise {unknown}
 n - 3 scrolls of identify
 o - a scroll of enchant armour
Potions
 b - a potion of magic
 c - a potion of attraction {unknown}
 e - 3 potions of heal wounds {unknown}
 g - 3 potions of berserk rage {unknown}
 i - 3 potions of lignification {unknown}
 p - 4 potions of curing {unknown}
 r - a potion of might {unknown}


   Skills:
 - Level 1.7 Dodging
 - Level 1.7 Stealth
 - Level 4.0 Spellcasting
 - Level 0.8 Transmutations
 - Level 5.4 Earth Magic


You couldn't memorise any spells.
You knew the following spells:

 Your Spells              Type           Power      Damage    Failure   Level
a - Sandblast             Erth           64%        2d14      1%          1
b - Stone Arrow           Conj/Erth      36%        3d9       9%          3
c - Petrify               Tmut/Erth      20%        N/A       26%         4
d - Fireball              Conj/Fire      2%         3d4       94%         5

Your spell library contained the following spells:

 Spells                   Type           Power      Damage    Failure   Level
 Passwall                 Tmut/Erth      16%        N/A       3%          2
 Brom's Barrelling Bould  Conj/Erth      18%        2d4       30%         4
 Cause Fear               Hex            2%         N/A       65%         4
 Summon Ice Beast         Ice/Summ       5%         N/A       65%         4
 Summon Mana Viper        Hex/Summ       5%         N/A       94%         5
 Monstrous Menagerie      Summ           2%         N/A       100%        7
 Dragon's Call            Summ           2%         N/A       100%        9


Dungeon Overview and Level Annotations

Branches:
Dungeon (4/15)
 Temple: D:4-7

Shops:
D:4 [

Annotations:
D:4 Dowan, Duvessa


Innate Abilities, Weirdness & Mutations

You have an increased reservoir of magic. (+10% MP)
You shall have no god before yourself.
Your divine heritage dramatically boosts your attributes as you level up.


Message History

You now have 228 gold pieces (gained 12).
There is an escape hatch in the floor here.
Duvessa, Sister of Dowan comes into view.
She is wielding a +2 short sword of holy wrath.
Duvessa shouts!
r - a murky ruby potion Dowan, Brother of Duvessa comes into view.
He is wielding a +0 dagger.
You can't see any susceptible monsters within range! (Use Z to cast anyway.)
The blast of sand hits Duvessa!
Duvessa is moderately wounded.
The blast of sand hits Duvessa.
Duvessa is heavily wounded.
Duvessa hits you but does no damage.
The blast of sand hits Duvessa but does no damage.
Duvessa is heavily wounded.
Duvessa hits you with a +2 short sword of holy wrath.
Duvessa hits you with a +2 short sword of holy wrath!
The blast of sand hits Duvessa but does no damage.
Duvessa is heavily wounded.
Duvessa closely misses you.
Aiming: Sandblast (safe; 1% risk of failure)
Press: ? - help, Q - select action, (/) - cycle Shift-Dir - straight line, f/p - Duvessa
Aim: Duvessa, wielding a +2 short sword of holy wrath and wearing a +0 chain mail (heavily wounded, 90% to hit)
The blast of sand hits Duvessa.
Duvessa is heavily wounded.
Duvessa hits you with a +2 short sword of holy wrath! x2
* * * LOW HITPOINT WARNING * * *
Aiming: Sandblast (safe; 1% risk of failure)
Press: ? - help, Q - select action, (/) - cycle Shift-Dir - straight line, f/p - Duvessa
Aim: Duvessa, wielding a +2 short sword of holy wrath and wearing a +0 chain mail (heavily wounded, 90% to hit)
The blast of sand hits Duvessa.
Duvessa is heavily wounded.
Dowan points at you and mumbles some strange words.
The puff of flame misses you.
Aiming: Sandblast (safe; 1% risk of failure)
Press: ? - help, Q - select action, (/) - cycle Shift-Dir - straight line, f/p - Duvessa
Aim: Duvessa, wielding a +2 short sword of holy wrath and wearing a +0 chain mail (heavily wounded, 90% to hit)
The blast of sand hits Duvessa but does no damage.
Duvessa is heavily wounded.
Duvessa hits you with a +2 short sword of holy wrath!
You die...

##..## #.##.#####. # ###
#..# #.##.# #. ..
..###..## #.##.#####. ..
#.#.....###.##.......
#.###
#.#............###### e..
#.#............#
..####.###.##.....##.####
........##.##e...###.#
.#####.....e.@..♣.(..#
##.###.##.♣.∩.♣###
#...##.##.<#♣## #
###...##.##..#####
#.##........##......##
...........###.##...##
#.......####.#.###.#
#...##.......# #.#
#...##.###.#†###.#


You could see Duvessa and Dowan.

Vanquished Creatures
  A bullfrog (D:4)
  2 vampire bats (D:3)
  Natasha (thrice) (D:2)
  Robin (D:2)
  3 gnolls (D:4)
  5 adders (D:2)
  2 worms (D:3)
  An orc (D:4)
  4 bats
  3 bat skeletons (D:3)
  3 bat zombies (D:3)
  5 endoplasms
  2 giant cockroaches (D:4)
  13 goblins
  11 hobgoblins
  7 kobolds
  4 quokkas
  4 ball pythons
  4 frilled lizards
  2 rats
80 creatures vanquished.

Notes
Turn   | Place    | Note
-------+----------+-------------------------------------------
     0 | D:1      | horus123 the Demigod Earth Elementalist began the quest for
                  | the Orb.
     0 | D:1      | Reached XP level 1. HP: 14/14 MP: 5/5
   575 | D:1      | Reached XP level 2. HP: 20/20 MP: 6/8
  1345 | D:2      | Reached XP level 3. HP: 25/26 MP: 6/10
  1394 | D:2      | Noticed Natasha
  1397 | D:2      | Killed Natasha
  1497 | D:2      | Noticed Robin
  1498 | D:2      | Reached XP level 4. HP: 33/33 MP: 10/12
  1512 | D:2      | Killed Robin
  1619 | D:2      | Reached skill level 3 in Earth Magic
  1632 | D:2      | Learned a level 3 spell: Stone Arrow
  1644 | D:2      | Noticed Natasha
  1649 | D:2      | Killed Natasha
  1816 | D:2      | Noticed Natasha
  1830 | D:2      | Killed Natasha
  1831 | D:2      | Reached XP level 5. HP: 33/38 MP: 9/14
  2436 | D:3      | Reached skill level 4 in Earth Magic
  3134 | D:4      | Reached skill level 5 in Earth Magic
  3134 | D:4      | Reached XP level 6. HP: 43/45 MP: 12/15
  3140 | D:4      | Learned a level 4 spell: Petrify
  3146 | D:4      | Learned a level 5 spell: Fireball
  3623 | D:4      | Found Xicut's Antique Armour Shoppe.
  3675 | D:4      | Noticed Duvessa
  3677 | D:4      | Noticed Dowan
  3694 | D:4      | Slain by Duvessa

Illustrated notes

Levels and vault maps discovered:
D:1:      lemuel_arrival_broad_hall, layout_basic,
          hellmonk_ecumenical_altar_inner_sanctum, grunt_decor_junction
D:2:      layout_rooms, grunt_decor_mini_mirrors, uniq_robin, uniq_natasha
D:3:      layout_loops_ring, kennysheep_vampire_church,
          gammafunk_temple_overflow_claw, solitary_fountain
D:4:      layout_loops_ring, marbit_many_paths, serial_shops,
          nicolae_shop_trees, uniq_duvessa

Skill      XL: |  1  2  3  4  5 |
---------------+----------------+-----
Spellcasting   | 2 3 4 |  4.0
Earth Magic    | 3 5 |  5.4
Dodging        | |  1.7
Stealth        | |  1.7
Transmutations | |  0.8

Action                     |  1- 3 |  4- 6 || total
---------------------------+-------+-------++-------
  Melee: Long sword        |       |     4 ||     4
   Cast: Sandblast         |    41 |    74 ||   115
    Use: Scroll            |       |     7 ||     7
 Armour: Robe              |     9 |    30 ||    39
  Dodge: Dodged            |     6 |    26 ||    32

Table legend: (Time is in decaauts)
 A = Elapsed time spent in this place.
 B = Non-inter-level travel time spent in this place.
 C = Inter-level travel time spent in this place.
 D = Time resting spent in this place.
 E = Time spent auto-exploring this place.
 F = Levels seen in this place.
 G = Mean time per level.
                   A        B        C        D        E       F      G
               +--------+--------+--------+--------+--------+-----+--------+
         Total |   3750 |   3649 |    101 |    260 |   2923 |   4 |  937.5 |
       Dungeon |   3750 |   3649 |    101 |    260 |   2923 |   4 |  937.5 |
               +--------+--------+--------+--------+--------+-----+--------+

Top non-repeatable levels by time:
     D:1: 1240 daAuts
     D:2: 1021 daAuts
     D:3: 833 daAuts
     D:4: 655 daAuts
